Map: Rhoskallian LE

Players

Rubert

  • Race: Protoss Protoss
  • Spawn Location: 12:00

BytonCap

  • Race: Terran Terran
  • Spawn Location: 11:00

qqq - Winner!

  • Race: Zerg Zerg
  • Spawn Location: 6:00

Massa - Winner!

  • Race: Terran Terran
  • Spawn Location: 5:00

VOD

Have the link to the VOD?

Description

Time

  • Played on: Oct. 1, 2020, 3:04 p.m.
  • Length: 15:31
Show
View Real Time Build Order
Export as new Build Order

Rubert Protoss 

Build Orders:  

Get SALT Encoding   

  12  0:00  Probe (Chrono Boost)  
  13  0:10  Probe (Chrono Boost)  
  14  0:19  Pylon  
  14  0:33  Probe  
  15  0:42  Gateway  
  15  0:47  Probe  
  15  0:49  Assimilator  
  16  1:23  Probe (Chrono Boost)  
  17  1:32  Cybernetics Core  
  18  1:33  Probe (Chrono Boost)  
  18  1:47  Probe, Assimilator  
  18  2:00  Probe  
  19  2:02  Nexus  
  19  2:12  Probe (Chrono Boost)  
  21  2:23  Probe (Chrono Boost)  
  21  2:28  Probe (Chrono Boost)  
  22  2:33  Warp Gate  
  22  2:35  Pylon  
  22  2:37  Pylon  
  22  2:38  Probe  
  23  2:53  Probe, Stalker  
  26  2:59  Pylon  
  26  3:14  Probe (Chrono Boost)  
  27  3:23  Probe (Chrono Boost), Stalker  
  30  3:28  Probe (Chrono Boost)  
  31  3:35  Probe  
  31  3:40  Probe (Chrono Boost)  
  33  3:43  Stargate  
  34  3:49  Assimilator  
  34  3:52  Probe x2 (Chrono Boost)  
  35  4:00  Probe (Chrono Boost)  
  35  4:02  Probe (Chrono Boost)  
  37  4:06  Probe  
  38  4:12  Probe  
  39  4:18  Robotics Facility  
  39  4:19  Void Ray (Chrono Boost)  
  39  4:23  Pylon  
  39  4:24  Probe  
  40  4:27  Sentry  
  46  4:41  Gateway  
  46  4:46  Pylon  
  46  4:48  Gateway  
  46  4:50  Gateway  
  46  4:54  Gateway  
  46  4:56  Gateway  
  46  4:57  Probe  
  47  5:09  Probe  
  47  5:10  Probe  
  49  5:20  Stalker  
  49  5:21  Probe  
  52  5:22  Probe  
  47  5:33  Probe  
  47  5:34  Probe  
  45  5:45  Probe  
  46  6:06  Probe  
  47  6:16  Pylon  
  47  6:18  Probe, Pylon  
  47  6:21  Assimilator  
  47  6:24  Immortal  
  52  6:30  Probe  
  52  6:31  Twilight Council  
  53  6:34  Pylon  
  53  6:42  Probe  
  54  6:59  Void Ray  
  54  7:03  Immortal  
  62  7:37  Probe (Chrono Boost)  
  63  7:39  Forge  
  63  7:41  Forge  
  63  7:43  Observer  
  64  7:46  Probe (Chrono Boost)  
  65  7:51  Probe (Chrono Boost), Nexus  
  65  7:55  Assimilator  
  66  7:59  Assimilator  
  66  8:00  Probe  
  66  8:01  Pylon  
  66  8:03  Probe  
  66  8:05  Pylon  
  68  8:06  Charge (Chrono Boost)  
  68  8:08  Shield Battery  
  68  8:12  Probe  
  69  8:15  Probe, Zealot x4  
  69  8:16  Zealot x2  
  82  8:23  Nexus  
  82  8:24  Probe  
  82  8:26  Assimilator  
  83  8:27  Probe  
  83  8:30  Assimilator  
  83  8:32  Pylon  
  83  8:33  Phoenix  
  86  8:35  Pylon  
  86  8:36  Probe  
  86  8:39  Probe  
  86  8:40  Pylon, Stalker x2  
  92  8:47  Photon Cannon  
  92  8:56  Stargate  
  92  8:58  Phoenix (Chrono Boost)  
  94  9:11  Stargate  
  94  9:12  Photon Cannon  
  94  9:14  Probe (Chrono Boost)  
  94  9:15  Phoenix (Chrono Boost)  
  94  9:16  Shield Battery  
  97  9:23  Probe (Chrono Boost)  
  98  9:25  Photon Cannon  
  98  9:29  Probe (Chrono Boost)  
  99  9:35  Phoenix (Chrono Boost)  
  99  9:36  Probe (Chrono Boost)  
  101  9:39  Protoss Air Weapons Level 1  
  103  9:46  Probe x2 (Chrono Boost)  
  103  9:51  Probe (Chrono Boost)  
  97  9:53  Phoenix  
  85  10:17  Probe  
  86  10:25  Phoenix x2  
  90  10:29  Probe  
  91  10:42  Probe (Chrono Boost)  
  90  10:50  Probe (Chrono Boost), Phoenix x2  
  96  10:59  Probe (Chrono Boost)  
  96  11:00  Probe (Chrono Boost)  
  96  11:02  Phoenix  
  99  11:05  Probe (Chrono Boost)  
  100  11:15  Phoenix x2  
  100  11:16  Probe  
  105  11:27  Phoenix  
  105  11:28  Probe  
  108  11:33  Robotics Facility  
  108  11:52  Pylon  
  108  11:54  Pylon  
  108  11:55  Pylon  
  108  12:01  Void Ray (Chrono Boost)  
  108  12:08  Void Ray (Chrono Boost)  
  114  12:17  Phoenix (Chrono Boost), Robotics Bay  
  114  12:20  Protoss Shields Level 1  
  114  12:22  Protoss Ground Weapons Level 1  
  118  12:38  Immortal x2, Protoss Air Armor Level 1  
  69  13:04  Zealot x4  
  69  13:05  Zealot x2  
  77  13:10  Void Ray x3  
  77  13:17  Immortal x2 (Chrono Boost)  
  85  13:30  Probe  
  76  13:42  Probe  
  77  13:53  Immortal (Chrono Boost)  
  77  13:54  Probe, Immortal (Chrono Boost)  
  86  14:21  Colossus x2 (Chrono Boost), Zealot x3  
  86  14:22  Zealot x3  
  110  14:30  Fleet Beacon  
  110  14:33  Pylon  
  110  14:52  Zealot x3  
  94  14:53  Zealot x3  
Show
View Real Time Build Order
Export as new Build Order

BytonCap Terran 

Build Orders:  

Get SALT Encoding   

  12  0:00  SCV  
  13  0:12  SCV  
  14  0:18  Supply Depot  
  14  0:26  SCV  
  15  0:33  Refinery  
  15  0:43  Barracks  
  15  0:47  SCV  
  16  0:59  SCV  
  17  1:11  SCV  
  18  1:30  Barracks Tech Lab  
  18  1:32  SCV, Supply Depot  
  19  1:44  SCV  
  20  1:50  Command Center  
  20  1:54  Marine  
  21  2:02  Supply Depot  
  21  2:06  SCV  
  22  2:18  Marine  
  22  2:20  Orbital Command  
  23  2:26  Refinery  
  23  2:36  Factory  
  23  2:47  Marine  
  23  3:05  Marine  
  22  3:25  SCV  
  22  3:26  Marine  
  24  3:37  SCV  
  25  3:44  Marine  
  25  3:47  SCV  
  27  3:49  SCV  
  27  3:52  Factory Tech Lab  
  28  3:57  Combat Shield  
  28  3:59  SCV  
  28  4:01  SCV, Marine  
  31  4:06  Engineering Bay  
  31  4:11  SCV  
  31  4:13  SCV  
  33  4:21  Marine  
  33  4:23  SCV  
  33  4:24  Siege Tank  
  38  4:25  SCV  
  39  4:35  SCV  
  39  4:36  Supply Depot  
  40  4:41  Marine  
  40  4:43  Supply Depot  
  41  4:46  SCV  
  41  4:47  SCV  
  41  4:51  Refinery  
  43  4:58  SCV  
  43  4:59  Siege Tank  
  47  5:00  Marine  
  48  5:10  Supply Depot  
  48  5:20  Orbital Command  
  48  5:24  Refinery  
  48  5:25  SCV  
  48  5:27  Marine  
  50  5:37  SCV, Stimpack  
  51  5:45  Marine  
  51  5:48  Factory  
  51  5:49  SCV  
  53  5:51  Starport  
  53  6:01  Hellion  
  53  6:02  Marine  
  53  6:04  SCV x2  
  58  6:20  Marine  
  58  6:23  Hellion  
  61  6:29  Armory  
  61  6:31  Starport Tech Lab  
  61  6:33  Factory Tech Lab, Fusion Core  
  61  6:40  Marine  
  61  6:41  Supply Depot  
  61  6:44  Hellion  
  64  7:02  SCV  
  64  7:03  SCV  
  64  7:04  Supply Depot  
  66  7:10  Command Center  
  66  7:15  SCV x2  
  68  7:26  Supply Depot  
  68  7:27  SCV x2  
  70  7:35  Siege Tank x2  
  76  7:37  Terran Vehicle Weapons Level 1  
  76  7:55  Supply Depot  
  76  7:56  Battlecruiser  
  82  7:59  Marine  
  83  8:17  Marine  
  83  8:20  Command Center  
  82  8:35  Marine  
  83  8:45  Thor  
  83  8:46  Thor  
  95  8:58  Marine  
  95  9:00  Battlecruiser  
  102  9:04  Command Center  
  102  9:15  Marine  
  103  9:18  Supply Depot  
  102  9:33  Marine  
  103  9:38  Command Center  
  103  9:44  Supply Depot  
  103  9:50  Missile Turret  
  103  9:51  Marine  
  104  10:00  Terran Vehicle And Ship Armor Level 1  
  104  10:05  Battlecruiser  
  110  10:08  Armory  
  110  10:09  Marine  
  110  10:10  Missile Turret  
  111  10:30  Missile Turret  
  110  10:49  Thor x2  
  122  10:52  Orbital Command  
  122  11:02  SCV  
  122  11:03  SCV  
  124  11:15  SCV x2  
  124  11:18  SCV  
  127  11:27  SCV x2  
  127  11:28  Terran Ship Weapons Level 1  
  127  11:30  SCV  
  127  11:39  SCV x2  
  118  11:42  SCV  
  119  11:51  SCV x2  
  121  11:54  SCV  
  121  11:56  Refinery  
  121  12:00  Refinery  
  122  12:03  SCV x2  
  122  12:06  SCV  
  125  12:12  Battlecruiser  
  125  12:13  Thor x2  
  125  12:15  SCV x2  
  145  12:18  SCV  
  146  12:27  SCV x2  
  148  12:30  SCV  
  148  12:32  SCV  
  142  12:39  SCV  
  101  12:44  SCV  
  90  12:56  SCV, Thor x2  
  93  13:08  SCV  
  77  13:21  SCV  
  78  13:33  SCV  
  67  13:35  Battlecruiser  
  73  13:45  SCV  
  73  13:47  Command Center  
  67  14:08  Supply Depot  
  67  14:15  Starport  
  67  14:17  Marine  
  67  14:22  Thor x2  
  80  14:35  Marine  
  81  14:53  Marine  
  53  15:11  Marine  
Show
View Real Time Build Order
Export as new Build Order

qqq Zerg - Winner!

Build Orders: Hatch First 

Get SALT Encoding   

  12  0:01  Drone  
  13  0:09  Drone  
  14  0:36  Hatchery  
  13  0:52  Spawning Pool  
  13  0:55  Drone  
  13  1:04  Overlord  
  13  1:08  Extractor  
  13  1:10  Drone  
  13  1:15  Drone  
  14  1:23  Drone  
  15  1:28  Drone  
  16  1:39  Drone  
  17  1:48  Queen  
  19  1:55  Drone  
  19  1:58  Drone  
  21  2:12  Drone, Zergling x2  
  21  2:15  Metabolic Boost  
  23  2:22  Zergling x2  
  24  2:23  Drone x3  
  27  2:33  Zergling x2  
  28  2:40  Overlord  
  28  2:48  Overlord  
  28  2:52  Lair  
  28  2:57  Queen  
  30  3:00  Overlord  
  30  3:03  Drone  
  31  3:06  Drone  
  31  3:09  Drone  
  33  3:16  Baneling Nest  
  33  3:17  Drone  
  33  3:20  Zergling x2  
  33  3:22  Zergling x2  
  35  3:29  Zergling x2  
  35  3:30  Drone  
  35  3:31  Drone  
  35  3:34  Extractor  
  37  3:37  Zergling x2  
  37  3:39  Drone  
  39  3:43  Pneumatized Carapace  
  39  3:48  Zergling x2  
  39  3:55  Drone  
  41  3:58  Zergling x2  
  42  4:18  Zergling x2  
  42  4:19  Drone x2, Zergling x2  
  46  4:34  Zergling x2  
  46  4:35  Zergling x4  
  49  4:40  Baneling x3  
  49  4:41  Baneling  
  49  4:42  Baneling  
  49  4:43  Baneling  
  49  4:44  Hatchery, Baneling  
  48  4:47  Zergling x2  
  48  4:49  Drone  
  48  4:52  Hatchery  
  49  5:20  Drone x3  
  52  5:21  Drone, Overlord  
  52  5:23  Zergling x2  
  48  5:52  Drone x3, Spire  
  48  5:53  Drone x2  
  48  5:55  Extractor  
  51  5:58  Drone  
  51  6:00  Drone x3  
  51  6:01  Spore Crawler  
  51  6:03  Spore Crawler  
  53  6:07  Drone x3  
  56  6:14  Zergling x2  
  56  6:16  Queen  
  56  6:18  Queen  
  59  6:19  Drone x3  
  64  6:29  Overlord x2  
  64  6:30  Overlord  
  64  6:35  Spore Crawler  
  64  6:38  Spore Crawler  
  62  6:40  Hatchery  
  62  6:42  Zergling x4  
  63  6:53  Drone x3  
  63  6:54  Drone x7  
  69  6:56  Overlord  
  73  7:07  Extractor  
  72  7:09  Drone x5  
  72  7:10  Overlord  
  72  7:12  Mutalisk  
  79  7:22  Mutalisk x2  
  83  7:23  Mutalisk  
  83  7:25  Zerg Flyer Weapons Level 1  
  83  7:26  Mutalisk  
  83  7:28  Mutalisk  
  83  7:29  Drone  
  90  7:31  Overlord  
  90  7:40  Drone x5  
  90  7:41  Drone  
  96  7:45  Overlord x2  
  96  7:46  Overlord  
  96  7:52  Spore Crawler  
  96  7:53  Spore Crawler  
  96  7:56  Spore Crawler  
  96  7:57  Mutalisk x2  
  97  7:59  Mutalisk  
  97  8:00  Drone  
  97  8:02  Drone  
  97  8:03  Drone  
  102  8:08  Zergling x2  
  102  8:09  Mutalisk x2  
  102  8:11  Drone x2  
  102  8:12  Drone x2  
  111  8:38  Drone x3  
  111  8:39  Drone x6, Mutalisk x2  
  111  8:40  Mutalisk x2  
  111  8:41  Zergling x6  
  130  8:42  Zergling x6  
  130  8:47  Overlord  
  134  8:48  Evolution Chamber  
  134  8:50  Evolution Chamber  
  132  9:02  Drone x2  
  134  9:05  Spine Crawler, Spore Crawler  
  134  9:06  Spine Crawler  
  134  9:07  Spine Crawler  
  134  9:08  Drone x2, Spore Crawler  
  134  9:09  Queen  
  133  9:10  Overlord x6  
  133  9:14  Zerg Melee Weapons Level 1  
  133  9:16  Zerg Missile Weapons Level 1  
  133  9:22  Hydralisk Den, Zerg Flyer Armor Level 1  
  133  9:23  Spore Crawler  
  131  9:27  Mutalisk  
  131  9:28  Zergling x12  
  131  9:29  Drone  
  131  9:30  Drone x5  
  131  9:31  Drone  
  144  9:57  Mutalisk x3  
  144  9:58  Zergling x4  
  144  9:59  Zergling x8  
  156  10:00  Drone x6  
  156  10:01  Drone x6  
  168  10:11  Mutalisk  
  168  10:12  Zergling x4  
  168  10:13  Drone x3  
  153  10:49  Hydralisk x3  
  144  10:50  Mutalisk x3  
  144  10:51  Zergling x4  
  144  10:52  Zergling x4  
  144  10:53  Zergling x16  
  164  11:00  Spore Crawler x2  
  164  11:02  Spine Crawler  
  164  11:03  Spine Crawler x2  
  164  11:04  Drone, Spine Crawler  
  160  11:05  Overlord x2  
  159  11:16  Mutalisk  
  159  11:17  Zergling x2  
  162  11:18  Zergling x4  
  162  11:19  Zergling x6  
  138  11:48  Lurker Den, Infestation Pit  
  138  11:49  Zerg Flyer Weapons Level 2  
  138  11:51  Zerg Melee Weapons Level 2  
  136  11:56  Extractor x2  
  136  11:59  Extractor  
  136  12:00  Extractor  
  132  12:08  Drone x4  
  134  12:09  Drone x6  
  142  12:17  Hatchery x2  
  142  12:20  Drone x2  
  142  12:21  Mutalisk x3  
  142  12:22  Zergling x4  
  150  12:23  Zergling x20  
  135  12:52  Mutalisk x2, Zergling x8  
  135  12:53  Mutalisk x3  
  135  12:54  Drone, Zergling x6  
  135  12:55  Drone x6, Hatchery  
  158  13:05  Hydralisk x4  
  150  13:07  Drone x4  
  151  13:32  Drone x8  
  156  13:34  Hatchery  
  156  13:37  Hive  
  156  13:38  Muscular Augments  
  156  13:39  Hydralisk x6  
  156  13:40  Zergling x4  
  156  13:41  Zergling x8  
  172  13:42  Hatchery, Zergling x2  
  172  13:43  Zergling x6  
  172  13:44  Hatchery  
  175  14:15  Hatchery, Mutalisk x2  
  175  14:16  Mutalisk x5  
  175  14:17  Mutalisk x2  
  184  14:18  Drone x3  
  184  14:19  Drone x2  
  184  14:20  Zergling x4  
  157  15:03  Hydralisk x2  
  157  15:04  Hydralisk x7  
  169  15:12  Zergling x28  
  169  15:13  Zergling x16  
  187  15:18  Lurker x4  
Show
View Real Time Build Order
Export as new Build Order

Massa Terran - Winner!

Build Orders: Gas First Reaper Expand 

Get SALT Encoding   

  12  0:00  SCV  
  13  0:12  SCV  
  14  0:23  Supply Depot  
  14  0:24  SCV  
  15  0:31  Refinery  
  15  0:46  SCV, Barracks  
  16  0:58  SCV  
  17  1:18  SCV  
  18  1:30  SCV  
  19  1:40  Reaper  
  19  1:42  Orbital Command  
  20  1:52  Command Center  
  20  2:01  Supply Depot  
  20  2:11  SCV  
  20  2:12  Marine  
  22  2:25  Factory  
  22  2:28  SCV  
  23  2:37  Refinery  
  23  2:38  Barracks Tech Lab  
  23  2:56  SCV  
  24  3:09  SCV  
  24  3:36  Orbital Command  
  24  3:38  SCV  
  25  3:44  Barracks Tech Lab  
  25  3:45  Engineering Bay  
  25  3:48  Starport  
  25  3:50  SCV  
  25  3:53  Siege Tank  
  29  3:59  Barracks  
  29  4:02  SCV  
  30  4:03  Marauder  
  30  4:04  Stimpack  
  30  4:06  SCV  
  33  4:14  SCV  
  34  4:18  SCV  
  35  4:24  Barracks, Marine  
  35  4:25  Siege Tank  
  35  4:26  SCV  
  35  4:30  SCV  
  42  4:38  SCV  
  42  4:43  Refinery  
  42  4:45  Refinery  
  42  4:47  Command Center  
  42  4:50  Missile Turret  
  42  4:53  Missile Turret  
  42  4:55  SCV x2  
  42  4:57  Widow Mine  
  42  4:59  Terran Infantry Weapons Level 1  
  46  5:03  Barracks Reactor  
  46  5:14  Supply Depot  
  46  5:17  Supply Depot  
  46  5:29  Barracks Reactor  
  51  5:35  SCV  
  51  5:36  Widow Mine  
  51  5:40  SCV  
  51  5:41  Marine x2  
  54  5:45  Marine  
  54  5:47  SCV  
  54  5:48  Combat Shield  
  54  5:54  Medivac  
  56  5:59  Marine x2  
  56  6:01  Missile Turret  
  56  6:03  Marine  
  59  6:04  Missile Turret  
  59  6:06  Orbital Command  
  59  6:11  Missile Turret  
  59  6:15  Marine x2  
  59  6:17  Marine x2  
  63  6:21  Marine  
  63  6:23  SCV x2  
  63  6:24  Viking  
  68  6:33  Marine  
  68  6:35  SCV  
  70  6:49  Armory  
  70  6:53  Terran Infantry Armor Level 1  
  70  6:58  SCV x2  
  72  7:02  Orbital Command  
  72  7:08  Marauder, Marine x3  
  75  7:11  Concussive Shells  
  77  7:16  Supply Depot  
  77  7:20  Missile Turret  
  77  7:37  Terran Vehicle Weapons Level 1, Supply Depot  
  77  7:38  SCV x3, Marauder, Marine x2  
  77  7:39  Supply Depot  
  77  7:43  Missile Turret  
  84  7:49  Supply Depot  
  84  7:50  SCV  
  85  7:58  SCV x2, Medivac  
  85  7:59  Marine x4  
  85  8:00  Thor  
  85  8:01  Marauder  
  85  8:05  Missile Turret  
  101  8:08  Supply Depot x2  
  101  8:10  SCV  
  101  8:11  SCV x2  
  104  8:17  Marine x2  
  106  8:22  SCV, Marauder  
  106  8:26  Missile Turret  
  109  8:30  SCV x2, Medivac  
  111  8:34  SCV  
  111  8:40  Refinery x2  
  111  8:41  Marine x3  
  113  8:42  SCV x2, Sensor Tower  
  113  8:43  Marauder  
  113  8:47  SCV  
  120  8:54  Armory  
  120  8:59  Supply Depot  
  120  9:01  Supply Depot  
  120  9:05  Marauder  
  122  9:20  Thor  
  128  9:26  Marauder  
  128  9:27  Marine x4  
  134  9:32  Terran Vehicle And Ship Armor Level 1  
  134  9:47  Marauder  
  133  10:03  Thor  
  133  10:09  Marauder  
  126  10:20  Marine x4  
  130  10:30  Marauder  
  130  10:37  Marine  
  130  10:38  Marine  
  130  10:39  Factory  
  130  10:41  Factory  
  132  10:43  Command Center  
  132  10:49  Terran Infantry Armor Level 2  
  132  10:52  Marauder  
  132  10:53  Engineering Bay  
  132  10:54  Terran Vehicle Weapons Level 2  
  134  10:57  Marine x4  
  134  11:02  Medivac  
  140  11:15  Marine  
  141  11:23  Supply Depot  
  141  11:24  Supply Depot  
  141  11:28  Factory  
  141  11:43  Starport x2  
  141  11:44  Terran Vehicle And Ship Armor Level 2  
  141  11:45  SCV x3, Marauder, Marine x3  
  141  11:46  Terran Infantry Weapons Level 2, Medivac, Thor  
  157  11:48  Supply Depot x2  
  157  11:57  SCV x3  
  160  12:06  Missile Turret x2  
  160  12:07  Marauder, Missile Turret x2  
  162  12:09  Orbital Command  
  162  12:11  SCV x3  
  162  12:12  Supply Depot  
  162  12:13  Supply Depot  
  165  12:16  Medivac  
  165  12:21  Starport Tech Lab, Starport Reactor  
  167  12:23  SCV  
  167  12:27  Missile Turret  
  167  12:28  Marauder, Thor, Missile Turret  
  156  12:58  Marauder, Marine  
  142  12:59  Marine x3  
  142  13:02  Factory Tech Lab x3  
  133  13:10  Barracks x2  
  128  13:13  Refinery  
  128  13:14  Refinery  
  128  13:16  Marine  
  128  13:17  Marine x2  
  128  13:19  Marauder  
  115  13:41  Marauder  
  117  14:01  Barracks, Marine x2  
  117  14:02  Marauder, Marine  
  122  14:04  Barracks Tech Lab x2  
  122  14:06  Thor x4  
  146  14:23  Marauder  
  148  14:45  Marauder  
  150  14:50  Command Center  
  159  15:06  Marauder  
Tags
 
Add a new tag
Caveats
  • Supply blocks, unpowered buildings, or Contaminate may cause inaccurate times.
  • Supply counts are checked every 10 seconds.